 Dungeon Crawl Stone Soup version 0.25.0-1-g7eea58d2a3 (webtiles) character file.

Game seed: 15252620111231057051

184 Dirian the Slasher (level 5, -5/46 HPs)
             Began as a Minotaur Fighter on June 14, 2020.
             Slain by an iguana (7 damage)
             ... on level 4 of the Dungeon.
             The game lasted 00:02:30 (2433 turns).

Dirian the Slasher (Minotaur Fighter)               Turns: 2433, Time: 00:02:30

Health: -5/46      AC:  7    Str: 22    XL:     5   Next: 36%
Magic:  4/4        EV:  7    Int:  5    God:
Gold:   150        SH:  9    Dex:  9    Spells: 4/4 levels left

rFire    . . .     SeeInvis .   a - +0 long sword
rCold    . . .     Gourm    .   c - +0 kite shield
rNeg     . . .     Faith    .   b - +0 scale mail
rPois    .         Spirit   .   (helmet restricted)
rElec    .         Reflect  .   (no cloak)
rCorr    .         Harm     .   (no gloves)
MR       .....                  (no boots)
Stlth    ..........             (no amulet)
HPRegen  0.15/turn              (no ring)
MPRegen  0.09/turn              (no ring)

@: no status effects
A: retaliatory headbutt, horns 2
a: no special abilities


You were on level 4 of the Dungeon.
You were not hungry.

You visited 1 branch of the dungeon, and saw 4 of its levels.

You collected 150 gold pieces.

Inventory:

Hand Weapons
 a - a +0 long sword (weapon)
Armour
 b - a +0 scale mail (worn)
 c - a +0 kite shield (worn)
Jewellery
 i - a cursed ring of attention {unknown}
 l - an uncursed ring of poison resistance {unknown}
 p - a cursed -4 ring of dexterity {unknown}
Wands
 r - a wand of enslavement (6)
Scrolls
 f - a scroll of random uselessness {unknown}
 j - 7 scrolls of identify {unknown}
 o - a scroll of amnesia {unknown}
Potions
 d - a potion of might
 g - a potion of ambrosia {unknown}
 h - 2 potions of curing {unknown}
 k - a potion of lignification {unknown}
 m - 3 potions of stabbing {unknown}
 n - a potion of heal wounds {unknown}
 q - a potion of invisibility {unknown}
Comestibles
 e - 4 rations
 s - 3 chunks of flesh


   Skills:
 + Level 4.2 Fighting
 * Level 5.2 Long Blades
 + Level 4.5 Armour
 + Level 4.5 Shields


You had 4 spell levels left.
You didn't know any spells.
Your spell library was empty.

Dungeon Overview and Level Annotations

Branches:
Dungeon (4/15)
 Temple: D:4-7

Altars:


Innate Abilities, Weirdness & Mutations

You reflexively headbutt those who attack you in melee.
You have a pair of horns on your head.


Message History

The iguana is heavily wounded.
You block the iguana's attack.
You hit the iguana but do no damage.
The iguana is heavily wounded.
The iguana bites you. You block the iguana's attack.
You barely miss the iguana. Your headbutt misses the iguana.
The iguana is heavily wounded.
The iguana bites you.
You closely miss the iguana.
The iguana is heavily wounded.
The iguana bites you!
* * * LOW HITPOINT WARNING * * *
You hit the iguana.
The iguana is severely wounded.
The iguana bites you.
* * * LOW HITPOINT WARNING * * *
You closely miss the iguana.
The iguana is severely wounded.
You block the iguana's attack. The iguana bites you!
You die...

#.###.....#..###.#
....#....###.# #.#
#.#...?...# .# #.#
............## #.#
#.#........## #.#
....#...##.# #.#
#.###...# .# #.#
... #.### # #.# ..
#.# #@# # .# #l#
#.# #.. ##. .# .#
.#


You could see an iguana.

Vanquished Creatures
  A centaur zombie (D:3)
  2 worker ants (D:4)
  3 adders
  An ooze (D:1)
  A worm (D:2)
  2 dart slugs
  2 leopard geckos (D:1)
  5 orcs (D:3)
  3 giant cockroaches
  6 hobgoblins
  3 jackals (D:1)
  A quokka (D:2)
  A ball python (D:1)
  6 bats
  5 frilled lizards
  10 goblins
  A jackal skeleton (D:4)
  4 kobolds
  A rat (D:1)
58 creatures vanquished.

Notes
Turn   | Place    | Note
-------+----------+-------------------------------------------
     0 | D:1      | Dirian the Minotaur Fighter began the quest for the Orb.
     0 | D:1      | Reached XP level 1. HP: 19/19 MP: 0/0
   126 | D:1      | Reached XP level 2. HP: 27/27 MP: 1/1
   547 | D:1      | Reached skill level 3 in Long Blades
   547 | D:1      | Reached XP level 3. HP: 28/33 MP: 2/2
  1325 | D:2      | Reached XP level 4. HP: 37/40 MP: 3/3
  1635 | D:3      | Reached skill level 4 in Long Blades
  2380 | D:4      | Reached skill level 5 in Long Blades
  2380 | D:4      | Reached XP level 5. HP: 41/46 MP: 4/4
  2432 | D:4      | HP: 2/46 [iguana (5)]
  2433 | D:4      | Slain by an iguana

Illustrated notes

Levels and vault maps discovered:
D:1:      shiori_arrival_maze, layout_loops_ring
D:2:      layout_loops_ring, first_ration
D:3:      layout_loops_ring
D:4:      layout_loops_ring, enter_ossuary_4, uniq_sigmund,
          uniq_crazy_yiuf_cottage

Skill      XL: |  1  2  3  4 |
---------------+-------------+-----
Armour         | 4 |  4.5
Shields        | 4 |  4.5
Fighting       | 4 |  4.2
Long Blades    | 3 5 |  5.2

Action                   |  1- 3 |  4- 6 || total
-------------------------+-------+-------++-------
Melee: Long sword        |    98 |    67 ||   165
       Headbutt          |    15 |    10 ||    25
  Eat: Chunk             |     1 |     2 ||     3
       Ration            |       |     1 ||     1
Armor: Scale mail        |    41 |    18 ||    59
Dodge: Dodged            |    35 |    11 ||    46
Block: Kite shield       |    46 |    33 ||    79
       Rpst.: Long sword |    11 |     4 ||    15
